PA
WALLA WALLA WALLEYE @ YELLOWKNIFE DRAGONBLOOD
08/16/2026
 
TOP OF THE 1ST
Walla Walla Walleye batting - Pitching for Yellowknife Dragonblood : RHP Justin Connolly
Pitching: RHP Justin Connolly
Batting: RHB Alan Bryan 0-0: Swinging Strike
0-1: SOLO HOME RUN (Flyball, 9LD), Distance : 332 ft
Batting: RHB Juan Martínez 0-0: Called Strike
0-1: Ball
1-1: SINGLE (Groundball, 34D)
Batting: RHB Jing-sheng Joo 0-0: Called Strike
0-1: Ball
1-1: Called Strike
1-2: Ball
2-2: Ball
3-2: Base on Balls
Juan Martínez to second
Batting: LHB Gareth Monahan 0-0: Ball
1-0: Ball
2-0: SINGLE (Line Drive, 9S)
Juan Martínez to third
Jing-sheng Joo to second
Runner from 3rd tries for Home, SAFE, no throw
Batting: RHB José Mercado 0-0: Called Strike
0-1: Ball
1-1: Called Strike
1-2: Strikes out looking
Batting: RHB Kenneth Noid 0-0: Called Strike
0-1: Ball
1-1: Fly out, F8 (Flyball, 78D)
Batting: RHB Shuichi Saito 0-0: Ball
1-0: Fielders Choice at 2nd, 5-4 (Groundball, 56)
Top of the 1st over - 2 run(s), 3 hit(s), 0 error(s), 1 left on base; Walla Walla 2 - Yellowknife 0
BOTTOM OF THE 1ST
Yellowknife Dragonblood batting - Pitching for Walla Walla Walleye : RHP Nassim El-Badwi
Pitching: RHP Nassim El-Badwi
Batting: LHB Jeff Lawson 0-0: Called Strike
0-1: Fly out, F7 (Flyball, 7S)
Batting: RHB Keith Kamen 0-0: Ball
1-0: Called Strike
1-1: Foul Ball, location: 2F
1-2: SINGLE (Groundball, 6MD)
Batting: RHB Felipe Campos 0-0: Called Strike
0-1: Fly out, F9 (Flyball, 89M)
Batting: RHB Seth Rollins 0-0: Ball
1-0: Fly out, F4 (Line Drive, 4)
Bottom of the 1st over - 0 run(s), 1 hit(s), 0 error(s), 1 left on base; Walla Walla 2 - Yellowknife 0
TOP OF THE 2ND
Walla Walla Walleye batting - Pitching for Yellowknife Dragonblood : RHP Justin Connolly
Batting: RHB Icarus Giannopolous 0-0: Called Strike
0-1: SINGLE (Groundball, 6MD)
Batting: RHB Joaquín Villarreal 0-0: Ball
1-0: Called Strike
1-1: Foul Ball, location: 2F
1-2: Foul Ball, location: 2F
1-2: Foul Ball, location: 2F
1-2: Grounds into double play, 5-4-3 (Groundball, 56)
Batting: RHB Alan Bryan 0-0: Ground out 1-3 (Groundball, P)
Top of the 2nd over - 0 run(s), 1 hit(s), 0 error(s), 0 left on base; Walla Walla 2 - Yellowknife 0
BOTTOM OF THE 2ND
Yellowknife Dragonblood batting - Pitching for Walla Walla Walleye : RHP Nassim El-Badwi
Batting: LHB Steven Mitchell 0-0: Ball
1-0: SINGLE (Flyball, 8RS)
Batting: RHB Arturo Sánchez 0-0: SINGLE (Groundball, 6MD)
Steven Mitchell to second
Batting: RHB Chong-yee Au-Yong 0-0: SINGLE (Line Drive, 4D)
Steven Mitchell to third
Arturo Sánchez to second
Batting: RHB Alejandro Bracamonte 0-0: Ball
1-0: Ball
2-0: Ball
3-0: Called Strike
3-1: Base on Balls
Steven Mitchell scores
Arturo Sánchez to third
Chong-yee Au-Yong to second
Batting: RHB Cosmo Castanhedo 0-0: Called Strike
0-1: Ball
1-1: Grounds into double play, 4-6-3 (Groundball, 4)
Arturo Sánchez scores
Chong-yee Au-Yong to third
Batting: LHB Jeff Lawson 0-0: Called Strike
0-1: Foul Ball, location: 2F
0-2: Foul Ball, location: 2F
0-2: Foul Ball, location: 2F
0-2: Ball
1-2: Ground out U3 (Groundball, 3L)
Bottom of the 2nd over - 2 run(s), 3 hit(s), 0 error(s), 1 left on base; Walla Walla 2 - Yellowknife 2
TOP OF THE 3RD
Walla Walla Walleye batting - Pitching for Yellowknife Dragonblood : RHP Justin Connolly
Batting: RHB Juan Martínez 0-0: Foul Ball, location: 2F
0-1: Ball
1-1: Ball
2-1: SINGLE (Groundball, 5D)
Batting: RHB Jing-sheng Joo 0-0: Ball
1-0: SINGLE (Flyball, 7S)
Juan Martínez to second
Batting: LHB Gareth Monahan 0-0: Foul Ball, location: 2F
0-1: Ball
1-1: Ball
2-1: Fielders Choice at 2nd, 4-6 (Groundball, 34)
Juan Martínez to third
Batting: RHB José Mercado 0-0: Ball
1-0: Fly out, F5 (Line Drive, 56)
Batting: RHB Kenneth Noid 0-0: Foul Ball, location: 2F
0-1: Foul Ball, location: 2F
0-2: Ground out 1-3 (Groundball, 15S)
Top of the 3rd over - 0 run(s), 2 hit(s), 0 error(s), 2 left on base; Walla Walla 2 - Yellowknife 2
BOTTOM OF THE 3RD
Yellowknife Dragonblood batting - Pitching for Walla Walla Walleye : RHP Nassim El-Badwi
Batting: RHB Keith Kamen 0-0: Swinging Strike
0-1: Called Strike
0-2: Foul Ball, location: 2F
0-2: Ground out 6-3 (Groundball, 6)
Batting: RHB Felipe Campos 0-0: Ball
1-0: Ball
2-0: Swinging Strike
2-1: Foul Ball, location: 2F
2-2: Foul Ball, location: 2F
2-2: Strikes out swinging
Batting: RHB Seth Rollins 0-0: Called Strike
0-1: Swinging Strike
0-2: SOLO HOME RUN (Flyball, 8RXD), Distance : 423 ft
Batting: LHB Steven Mitchell 0-0: Ball
1-0: Called Strike
1-1: Ground out 4-3 (Groundball, 4M)
Bottom of the 3rd over - 1 run(s), 1 hit(s), 0 error(s), 0 left on base; Walla Walla 2 - Yellowknife 3
TOP OF THE 4TH
Walla Walla Walleye batting - Pitching for Yellowknife Dragonblood : RHP Justin Connolly
Batting: RHB Shuichi Saito 0-0: Swinging Strike
0-1: SINGLE (Line Drive, 4MD)
Batting: RHB Icarus Giannopolous 0-0: Called Strike
0-1: Ball
1-1: Foul Ball, location: 2F
1-2: Ball
2-2: Fly out, F2 (Popup, 25)
Batting: RHB Joaquín Villarreal 0-0: Ball
1-0: Ball
2-0: SINGLE (Line Drive, 4MD)
Shuichi Saito to second
Batting: RHB Alan Bryan 0-0: Ball
1-0: Ball
2-0: Fly out, F4 (Popup, 34D)
Batting: RHB Juan Martínez 0-0: Ground out 2-3 (Groundball, 2R)
Top of the 4th over - 0 run(s), 2 hit(s), 0 error(s), 2 left on base; Walla Walla 2 - Yellowknife 3
BOTTOM OF THE 4TH
Yellowknife Dragonblood batting - Pitching for Walla Walla Walleye : RHP Nassim El-Badwi
Batting: RHB Arturo Sánchez 0-0: Foul Ball, location: 2F
0-1: Swinging Strike
0-2: Fly out, F5 (Line Drive, 56)
Batting: RHB Chong-yee Au-Yong 0-0: Ball
1-0: Ball
2-0: Ball
3-0: Called Strike
3-1: SINGLE (Line Drive, 6MD)
Batting: RHB Alejandro Bracamonte 0-0: SINGLE (Groundball, 6D)
Chong-yee Au-Yong to second
Batting: RHB Cosmo Castanhedo 0-0: Called Strike
0-1: Ball
1-1: Called Strike
1-2: Ball
2-2: DOUBLE (Flyball, 78M)
Chong-yee Au-Yong scores
Alejandro Bracamonte to third
Batting: LHB Jeff Lawson 0-0: Foul Ball, location: 2F
0-1: Foul Ball, location: 2F
0-2: Ball
1-2: Foul Ball, location: 2F
1-2: Ball
2-2: Foul Ball, location: 2F
2-2: Ball
3-2: Foul Ball, location: 2F
3-2: Fly out, F8 (Flyball, 8LS)
Runner from 3rd tags up, SCORES, no throw
Batting: RHB Keith Kamen 0-0: Ball
1-0: Called Strike
1-1: Called Strike
1-2: Strikes out swinging
Bottom of the 4th over - 2 run(s), 3 hit(s), 0 error(s), 1 left on base; Walla Walla 2 - Yellowknife 5
TOP OF THE 5TH
Walla Walla Walleye batting - Pitching for Yellowknife Dragonblood : RHP Justin Connolly
Batting: RHB Jing-sheng Joo 0-0: Called Strike
0-1: Ball
1-1: Foul Ball, location: 2F
1-2: Ball
2-2: Strikes out swinging
Batting: LHB Gareth Monahan 0-0: Foul Ball, location: 2F
0-1: Foul Ball, location: 2F
0-2: Foul Ball, location: 2F
0-2: Ball
1-2: Fly out, F9 (Flyball, 89S)
Batting: RHB José Mercado 0-0: Ball
1-0: Foul Ball, location: 2F
1-1: Foul Ball, location: 2F
1-2: SINGLE (Groundball, 6MD)
Batting: RHB Kenneth Noid 0-0: Ball
1-0: Swinging Strike
1-1: Ball
2-1: Called Strike
2-2: Foul Ball, location: 2F
2-2: Ball
3-2: Foul Ball, location: 2F
3-2: Strikes out looking
Top of the 5th over - 0 run(s), 1 hit(s), 0 error(s), 1 left on base; Walla Walla 2 - Yellowknife 5
BOTTOM OF THE 5TH
Yellowknife Dragonblood batting - Pitching for Walla Walla Walleye : RHP Nassim El-Badwi
Batting: RHB Felipe Campos 0-0: Ball
1-0: SINGLE (Groundball, 34D)
Batting: RHB Seth Rollins 0-0: Ball
1-0: Foul Ball, location: 2F
1-1: SINGLE (Groundball, 2L) (infield hit)
Felipe Campos to second
Batting: LHB Steven Mitchell 0-0: Ball
1-0: Fly out, F7 (Flyball, 7S)
Batting: RHB Arturo Sánchez 0-0: Grounds into double play, 6-4-3 (Groundball, 6)
Bottom of the 5th over - 0 run(s), 2 hit(s), 0 error(s), 1 left on base; Walla Walla 2 - Yellowknife 5
TOP OF THE 6TH
Walla Walla Walleye batting - Pitching for Yellowknife Dragonblood : RHP Justin Connolly
Batting: RHB Shuichi Saito 0-0: Foul Ball, location: 2F
0-1: SINGLE (Line Drive, 6MD)
Batting: RHB Icarus Giannopolous 0-0: Sac Bunt - play at first, batter OUT! 1-3
Shuichi Saito to second
Batting: RHB Joaquín Villarreal 0-0: Ball
1-0: Foul Ball, location: 2F
1-1: Called Strike
1-2: Foul Ball, location: 2F
1-2: Ball
2-2: Fly out, F8 (Flyball, 8RM)
Pitching: RHP Derrick Quispe
Batting: RHB Alan Bryan 0-0: Ball
1-0: Ball
2-0: SINGLE (Flyball, 9LM)
Shuichi Saito to third
Runner from 3rd tries for Home, SAFE, no throw
Batting: RHB Juan Martínez 0-0: Foul Ball, location: 2F
0-1: Called Strike
0-2: Foul Ball, location: 2F
0-2: Ball
1-2: Ball
2-2: Ball
3-2: Base on Balls
Alan Bryan to second
Batting: RHB Jing-sheng Joo 0-0: Ball
1-0: Swinging Strike
1-1: Foul Ball, location: 2F
1-2: Strikes out looking
Top of the 6th over - 1 run(s), 2 hit(s), 0 error(s), 2 left on base; Walla Walla 3 - Yellowknife 5
BOTTOM OF THE 6TH
Yellowknife Dragonblood batting - Pitching for Walla Walla Walleye : RHP Nassim El-Badwi
Batting: RHB Chong-yee Au-Yong 0-0: Foul Ball, location: 2F
0-1: Ball
1-1: Foul Ball, location: 2F
1-2: Ball
2-2: Ground out 6-3 (Groundball, 6)
Batting: RHB Alejandro Bracamonte 0-0: Ball
1-0: Ball
2-0: Ball
3-0: Called Strike
3-1: Foul Ball, location: 2F
3-2: Fly out, F7 (Flyball, 7)
Batting: RHB Cosmo Castanhedo 0-0: Ball
1-0: Foul Ball, location: 2F
1-1: Ball
2-1: SINGLE (Groundball, 4M) (infield hit)
Batting: LHB Jeff Lawson 0-0: Called Strike
0-1: Foul Ball, location: 2F
0-2: Ball
Cosmo Castanhedo is caught stealing 2nd base
Bottom of the 6th over - 0 run(s), 1 hit(s), 0 error(s), 0 left on base; Walla Walla 3 - Yellowknife 5
TOP OF THE 7TH
Walla Walla Walleye batting - Pitching for Yellowknife Dragonblood : RHP Derrick Quispe
Batting: LHB Gareth Monahan 0-0: Ball
1-0: Swinging Strike
1-1: Fly out, F9 (Flyball, 9S)
Batting: RHB José Mercado 0-0: Foul Ball, location: 2F
0-1: Swinging Strike
0-2: Ball
1-2: Ball
2-2: Foul Ball, location: 2F
2-2: Ball
3-2: Strikes out swinging
Batting: RHB Kenneth Noid 0-0: Called Strike
0-1: Ball
1-1: Foul Ball, location: 2F
1-2: Ball
2-2: Ball
3-2: Base on Balls
Batting: RHB Shuichi Saito 0-0: 2-RUN HOME RUN (Flyball, 7D), Distance : 364 ft
Pinch Hitting: LHB Rim Hong-Do 0-0: Ground out 1-3 (Groundball, 13S)
Top of the 7th over - 2 run(s), 1 hit(s), 0 error(s), 0 left on base; Walla Walla 5 - Yellowknife 5
BOTTOM OF THE 7TH
Yellowknife Dragonblood batting - Pitching for Walla Walla Walleye : RHP Nassim El-Badwi
Now at 3B: Isuru Tanaka
Batting: LHB Jeff Lawson 0-0: SINGLE (Line Drive, 34D)
Pinch Hitting: RHB Mareka Naidoo Pickoff Throw to First - Error! E1
Jeff Lawson to second
0-0: Ball
Jeff Lawson steals 3rd base
1-0: Ball
2-0: Foul Ball, location: 2F
2-1: Ball
3-1: Called Strike
3-2: SINGLE (Groundball, 34D)
Jeff Lawson scores
Pitching: RHP Bartolo Ruíz
Pinch Hitting: LHB Ramón Guzmán 0-0: Hit by Pitch
Mareka Naidoo to second
Pinch Hitting: RHB Rob Berry 0-0: Called Strike
0-1: Ball
1-1: Ball
2-1: Called Strike
2-2: Ball
3-2: Strikes out swinging
Batting: LHB Steven Mitchell 0-0: Ball
1-0: Ball
2-0: Foul Ball, location: 2F
2-1: Called Strike
2-2: Foul Ball, location: 2F
2-2: Strikes out swinging
Batting: RHB Arturo Sánchez 0-0: Foul Ball, location: 2F
0-1: Ball
1-1: Foul Ball, location: 2F
1-2: Strikes out swinging
Bottom of the 7th over - 1 run(s), 2 hit(s), 1 error(s), 2 left on base; Walla Walla 5 - Yellowknife 6
TOP OF THE 8TH
Walla Walla Walleye batting - Pitching for Yellowknife Dragonblood : RHP Derrick Quispe
Pitching: RHP Manuel Torres
Now at 3B: Tynan McFetridge
Now at SS: Rob Berry
Now in RF: Ramón Guzmán
Batting: RHB Joaquín Villarreal 0-0: Ball
1-0: Called Strike
1-1: Ball
2-1: Swinging Strike
2-2: Strikes out swinging
Batting: RHB Alan Bryan 0-0: Called Strike
0-1: Called Strike
0-2: Ball
1-2: Strikes out swinging
Batting: RHB Juan Martínez 0-0: Ball
1-0: SINGLE (Line Drive, 4D)
Batting: RHB Jing-sheng Joo 0-0: Ball
1-0: Called Strike
1-1: Foul Ball, location: 2F
1-2: SINGLE (Line Drive, 78S)
Juan Martínez to second
Pitching: LHP Emílio Peralta
Pinch Hitting: SHB António Zúñiga 0-0: Ball
1-0: Foul Ball, location: 2F
1-1: Hit by Pitch
Juan Martínez to third
Jing-sheng Joo to second
Pitching: RHP Jesús Atencio
Batting: RHB José Mercado 0-0: Ball
1-0: Foul Ball, location: 2F
1-1: Called Strike
1-2: Ball
2-2: Ball
3-2: Strikes out swinging
Top of the 8th over - 0 run(s), 2 hit(s), 0 error(s), 3 left on base; Walla Walla 5 - Yellowknife 6
BOTTOM OF THE 8TH
Yellowknife Dragonblood batting - Pitching for Walla Walla Walleye : RHP Bartolo Ruíz
Now at 1B: Javier Reyes
Batting: RHB Chong-yee Au-Yong 0-0: Ground out 6-3 (Groundball, 6)
Batting: RHB Alejandro Bracamonte 0-0: Called Strike
0-1: Ball
1-1: Ball
2-1: Called Strike
2-2: Ball
3-2: Strikes out looking
Batting: RHB Cosmo Castanhedo 0-0: Ball
1-0: Foul Ball, location: 2F
1-1: Ball
2-1: Fly out, F4 (Flyball, 4MD)
Bottom of the 8th over - 0 run(s), 0 hit(s), 0 error(s), 0 left on base; Walla Walla 5 - Yellowknife 6
TOP OF THE 9TH
Walla Walla Walleye batting - Pitching for Yellowknife Dragonblood : RHP Jesús Atencio
Pitching: RHP Julián Menchaca
Batting: RHB Kenneth Noid 0-0: Ball
1-0: Swinging Strike
1-1: Ball
2-1: Swinging Strike
2-2: Foul Ball, location: 2F
2-2: Ball
3-2: Base on Balls
Batting: RHB Shuichi Saito 0-0: DOUBLE (Line Drive, 78S)
Kenneth Noid to third
Batting: RHB Isuru Tanaka 0-0: Foul Ball, location: 2F
0-1: Ball
1-1: DOUBLE (Flyball, 3D)
Kenneth Noid scores
Shuichi Saito scores
Batting: RHB Joaquín Villarreal 0-0: Called Strike
0-1: Swinging Strike
0-2: Ball
1-2: Strikes out swinging, 2-3 out at first.
Batting: RHB Alan Bryan 0-0: Ball
1-0: Ground out 6-3 (Groundball, 6)
Isuru Tanaka to third
Batting: RHB Juan Martínez 0-0: Called Strike
0-1: Ball
1-1: Swinging Strike
1-2: Ball
Passed Ball!
Isuru Tanaka scores
2-2: Strikes out looking
Top of the 9th over - 3 run(s), 2 hit(s), 0 error(s), 0 left on base; Walla Walla 8 - Yellowknife 6
BOTTOM OF THE 9TH
Yellowknife Dragonblood batting - Pitching for Walla Walla Walleye : RHP Bartolo Ruíz
Pitching: LHP Alexis Zambaco
Batting: LHB Jeff Lawson 0-0: Called Strike
0-1: Ground out 1-3 (Groundball, 13)
Batting: LHB Tynan McFetridge 0-0: Called Strike
0-1: Ball
1-1: Ground out 3-1 (Groundball, 34)
Batting: LHB Ramón Guzmán 0-0: Called Strike
0-1: Ball
1-1: Ball
2-1: Ball
3-1: Base on Balls
Batting: RHB Rob Berry 0-0: Ball
1-0: Foul Ball, location: 2F
1-1: Ball
2-1: Called Strike
2-2: Strikes out swinging
Bottom of the 9th over - 0 run(s), 0 hit(s), 0 error(s), 1 left on base; Walla Walla 8 - Yellowknife 6
Monday, March 20th, 2017 - OOTP Baseball 17.12 Build 75